 Dungeon Crawl Stone Soup version 0.28-a0-863-g8cecda6153 (webtiles) character file.

Game seed: 9267801811691760365

26 AvatarAndi78 the Skirmisher (level 2, 0/24 HPs)
             Began as a Demonspawn Abyssal Knight on Nov 18, 2021.
             Was a Follower of Lugonu.
             Slain by a goblin (5 damage)
             ... led by Robin
             ... on level 1 of the Dungeon.
             The game lasted 00:01:28 (1381 turns).

AvatarAndi78 the Skirmisher (DsAK)                  Turns: 1381, Time: 00:01:28

Health: 0/24       AC:  3    Str: 13    XL:     2   Next: 89%
Magic:  3/4        EV: 11    Int: 11    God:    Lugonu [*.....]
Gold:   45         SH:  0    Dex: 13    Spells: 1/1 levels left

rFire   . . .      SeeInvis .   a - +1 hand axe
rCold   . . .      Faith    .   (no shield)
rNeg    . . .      Spirit   .   b - +0 leather armour
rPois   .          Reflect  .   (helmet restricted)
rElec   .          Harm     .   (no cloak)
rCorr   .          Rampage  .   (no gloves)
Will    .....                   (no boots)
Stlth   +.........              (no amulet)
HPRegen 0.08/turn               (no ring)
MPRegen 0.09/turn               (no ring)

@: no status effects
A: antennae 1
a: Renounce Religion, Depart the Abyss


You were on level 1 of the Dungeon.
You worshipped Lugonu.
Lugonu was aware of your devotion.
You visited 1 branch of the dungeon, and saw 2 of its levels.
You visited the Abyss 1 time.

You collected 45 gold pieces.

Inventory:

Hand Weapons
 a - a +1 hand axe (weapon)
Missiles
 c - 2 throwing nets
Armour
 b - a +0 leather armour (worn)


   Skills:
 + Level 3.6 Fighting
 + Level 2.2 Axes
 + Level 1.8 Armour
 + Level 1.0 Dodging
 + Level 2.7 Invocations


You had one spell level left.
You didn't know any spells.
Your spell library contained the following spells:

 Spells                   Type           Power      Damage    Failure   Level
 Ignite Poison            Fire/Tmut/Pois 0%         N/A       80%         3
 Mephitic Cloud           Conj/Pois/Air  0%         N/A       80%         3
 Freezing Cloud           Conj/Ice/Air   0%         6-21      100%        5


Dungeon Overview and Level Annotations

Branches:
Dungeon (2/15)

Altars:

Annotations:
D:2 Robin


Innate Abilities, Weirdness & Mutations

You have a pair of small antennae on your head.


Message History

You see here a +0 dagger.
You see here a +0 dagger.
Things that are here:
a +0 club; a goblin corpse You see here a +0 dagger.
HP restored.
Done exploring.
Done exploring.
There is a stone staircase leading down here.
You can't go up here!
You climb downwards.
Level annotation: Robin The goblin hits you with a +1 antimagic dagger.
You feel your power leaking away. Robin throws the goblin at you!
The goblin hits you but does no damage. The goblin barely misses you.
The goblin hits you with a +0 club.
There is a stone staircase leading up here.
The goblin barely misses you.
Robin says, "My army is invincible!"
Robin roars a battlecry!
The goblins go into a battle-frenzy!
The goblin hits you with a +0 dagger. The goblin hits you with a +0 club.
You climb upwards.
There is a stone staircase leading down here.
You slash the goblin!
You kill the goblin!
Lugonu accepts your kill.
You closely miss the goblin. You miss the goblin. You hit the goblin.
The goblin misses you. The goblin hits you with a +0 dagger.
The goblin barely misses you.
You barely miss the goblin. You closely miss the goblin.
You hit the goblin but do no damage. The goblin hits you with a +0 club.
* * * LOW HITPOINT WARNING * * *
The goblin hits you but does no damage. The goblin hits you with a +0 club.
* * * LOW HITPOINT WARNING * * *
You closely miss the goblin. You hit the goblin.
You kill the goblin!
Lugonu accepts your kill.
You hit the goblin. The goblin misses you. The goblin hits you with a +0 club.
You die...

..##.##..# ####'####### #.#
..##..#..# ##.(.## ######.#
..###.#..# ##.....## ##..[...#
..# #.#..# ##.....).###.#..####
..###....####.........#.###.†##
............+..........## ##..#
#####....####.........#.###..##
#.#.## ##..))...###.#..##
##.### ##)@)..## ##.### #..#
##gg.## #.# #.## ##'## #.# #.#
#.# #.# #.# ###.# #.# #.#
########...#######.# #.#
#..†...#...........# #.#
#.####.#.....#######
#.###......##...##


You could see 2 goblins.

Vanquished Creatures
  A dart slug (D:1)
  A ball python (D:1)
  2 endoplasms (D:1)
  A giant cockroach (D:1)
  10 goblins (D:1)
  2 hobgoblins (D:1)
  A bat (D:1)
  3 frilled lizards (D:1)
  A kobold (D:1)
22 creatures vanquished.

Notes
Turn   | Place    | Note
-------+----------+-------------------------------------------
     0 | Abyss:1  | AvatarAndi78 the Demonspawn Abyssal Knight began the quest
                  | for the Orb.
     0 | Abyss:1  | Reached XP level 1. HP: 18/18 MP: 2/2
    42 | Abyss:1  | Noticed a polar bear
    42 | Abyss:1  | a shapeshifter changed into a polar bear
    42 | Abyss:1  | Noticed a spriggan defender zombie
    43 | D:1      | Escaped the Abyss
   389 | D:1      | Reached * piety under Lugonu
   390 | D:1      | Gained mutation: You have a pair of small antennae on your
                  | head. [demonic ancestry]
   390 | D:1      | Reached XP level 2. HP: 24/24 MP: 3/3
  1068 | D:1      | Reached skill level 1 in Dodging
  1084 | D:1      | Found a faded altar of an unknown god.
  1216 | D:2      | Noticed Robin
  1381 | D:1      | Slain by a goblin

Illustrated notes

Levels and vault maps discovered:
D:1:      lightli_arrival_chessboard, layout_loops_corners,
          ebering_ecumenical_altar_hall
D:2:      layout_rooms, uniq_robin

Skill      XL: |  1  2 |
---------------+-------+-----
Axes           | 2 |  2.2
Dodging        | 1 |  1.0
Fighting       | |  3.6
Armour         | |  1.8
Invocations    | |  2.7

Action                   || total
-------------------------++-------
Melee: Hand axe          ||    48
Invok: Depart the Abyss  ||     1
Armor: Leather armour    ||    17
Dodge: Dodged            ||    33

Table legend: (Time is in decaauts)
 A = Elapsed time spent in this place.
 B = Non-inter-level travel time spent in this place.
 C = Inter-level travel time spent in this place.
 D = Time resting spent in this place.
 E = Time spent auto-exploring this place.
 F = Levels seen in this place.
 G = Mean time per level.
                   A        B        C        D        E       F      G
               +--------+--------+--------+--------+--------+-----+--------+
         Total |   1391 |   1363 |     28 |      0 |   1237 |   3 |  463.7 |
       Dungeon |   1348 |   1320 |     28 |      0 |   1197 |   2 |  674.0 |
         Abyss |     43 |     43 |      0 |      0 |     40 |   1 |   43.0 |
               +--------+--------+--------+--------+--------+-----+--------+

Top non-repeatable levels by time:
     D:1: 1344 daAuts
 Abyss:1: 43 daAuts
     D:2: 4 daAuts
